Map: [ESL] Inside and Out

Players

Lambo - Winner!

  • Race: Zerg Zerg
  • Spawn Location: 1:00

Ryung

  • Race: Terran Terran
  • Spawn Location: 7:00

Event: TSL 9

VOD

Have the link to the VOD?

Description

Time

  • Played on: July 30, 2022, 8:40 a.m.
  • Length: 27:44

All games in this series

Show
View Real Time Build Order
Export as new Build Order

Lambo Zerg - Winner!

Build Orders: Hatch First, Brood Lord Corruptor 

Get SALT Encoding   

  12  0:00  Drone  
  13  0:12  Overlord  
  13  0:18  Drone  
  14  0:31  Drone x2  
  16  0:47  Hatchery  
  15  0:50  Drone  
  15  0:53  Drone  
  17  0:57  Drone  
  18  1:07  Extractor  
  17  1:12  Spawning Pool  
  17  1:15  Drone  
  17  1:19  Drone  
  18  1:29  Drone  
  19  1:38  Drone  
  20  1:49  Drone  
  21  1:59  Queen x2  
  21  2:00  Zergling x4  
  27  2:10  Drone, Overlord  
  28  2:19  Hatchery  
  28  2:22  Drone  
  28  2:30  Drone  
  28  2:32  Drone x2  
  31  2:38  Queen  
  31  2:43  Overlord  
  33  2:49  Metabolic Boost  
  33  2:57  Drone x3  
  35  3:05  Queen  
  35  3:07  Drone x2  
  35  3:09  Drone x2  
  35  3:11  Drone  
  42  3:16  Drone  
  43  3:20  Overlord  
  43  3:25  Overlord  
  43  3:34  Queen  
  43  3:36  Queen, Drone  
  43  3:40  Drone x3  
  52  3:41  Drone  
  52  3:44  Drone x2  
  54  3:48  Overlord  
  54  3:53  Drone x3  
  57  3:56  Overlord  
  57  3:59  Zergling x4  
  59  4:04  Drone x3  
  62  4:13  Zergling x6  
  62  4:16  Drone x2  
  67  4:18  Queen  
  67  4:19  Queen  
  71  4:26  Zergling x4  
  73  4:32  Drone x2  
  73  4:34  Drone  
  73  4:36  Lair  
  73  4:37  Drone x2  
  78  4:40  Extractor  
  78  4:45  Baneling Nest  
  76  4:48  Drone x3  
  76  4:50  Drone x3  
  76  4:52  Spore Crawler  
  81  4:53  Spore Crawler x2  
  81  4:55  Drone x2  
  81  5:02  Drone  
  81  5:06  Overlord  
  82  5:11  Hatchery  
  82  5:12  Overlord  
  82  5:13  Queen  
  82  5:19  Drone  
  82  5:26  Drone x5, Overlord  
  87  5:30  Evolution Chamber  
  87  5:31  Drone x2  
  87  5:33  Evolution Chamber  
  87  5:34  Drone x5  
  91  5:36  Overlord  
  91  5:37  Queen, Drone  
  91  5:39  Overseer  
  91  5:40  Overseer  
  91  5:42  Extractor  
  93  5:43  Extractor  
  93  5:45  Centrifugal Hooks  
  93  5:46  Extractor  
  93  5:47  Drone  
  93  5:49  Queen  
  93  5:50  Drone x2  
  93  5:55  Drone x4  
  98  6:00  Zerg Melee Weapons Level 1  
  96  6:08  Zergling x12  
  102  6:17  Drone  
  102  6:18  Drone x2  
  105  6:19  Overlord  
  105  6:22  Overlord  
  105  6:35  Zergling x12  
  105  6:37  Baneling x5  
  105  6:38  Baneling x2  
  111  6:41  Spore Crawler  
  111  6:42  Drone x3  
  111  6:43  Hydralisk Den, Drone  
  111  6:46  Drone x4  
  117  6:48  Zerg Ground Armor Level 1  
  117  6:51  Overlord x3  
  117  6:52  Overlord  
  117  7:06  Baneling x4  
  117  7:10  Zergling x28  
  117  7:11  Drone x2  
  117  7:14  Drone x3  
  136  7:16  Drone  
  137  7:24  Drone  
  137  7:27  Extractor  
  137  7:30  Baneling  
  137  7:31  Baneling x2, Hatchery  
  137  7:33  Drone x2  
  138  7:37  Zergling x12  
  138  7:43  Baneling  
  138  7:44  Baneling x5  
  142  7:46  Drone  
  142  7:50  Infestation Pit  
  142  7:52  Hydralisk  
  142  7:53  Overlord x2  
  142  7:54  Overlord  
  142  7:56  Overlord  
  144  7:58  Baneling x2  
  144  8:02  Hatchery  
  143  8:13  Grooved Spines  
  143  8:14  Hydralisk x10  
  143  8:15  Zergling x6  
  143  8:16  Zergling x10  
  171  8:23  Drone x4  
  171  8:24  Extractor  
  174  8:27  Zergling x4  
  175  8:39  Zergling x6  
  176  8:42  Hive  
  176  8:46  Overlord  
  173  8:49  Zergling x18  
  178  8:59  Zerg Melee Weapons Level 2, Zerg Ground Armor Level 2  
  178  9:00  Zergling x10  
  179  9:04  Zergling x2  
  179  9:05  Zergling x20  
  184  9:14  Drone x6  
  186  9:22  Drone x7  
  193  9:24  Muscular Augments  
  193  9:32  Overseer, Overlord x2  
  193  9:38  Spore Crawler  
  192  9:43  Hydralisk  
  192  9:44  Zergling x14  
  195  9:53  Viper  
  195  9:56  Adrenal Glands  
  197  10:04  Baneling  
  197  10:05  Baneling x21  
  196  10:13  Viper x2  
  186  10:19  Drone x4  
  190  10:21  Extractor  
  190  10:25  Extractor  
  188  10:29  Zergling x26, Hatchery  
  196  10:41  Zergling x2  
  196  10:42  Zergling x4  
  199  10:49  Evolution Chamber  
  198  10:50  Drone  
  198  10:52  Evolution Chamber x2  
  188  11:35  Zergling x30  
  188  11:36  Drone x2  
  188  11:37  Drone x2  
  193  11:40  Spore Crawler  
  193  11:41  Zergling x20  
  193  11:43  Spine Crawler  
  193  11:45  Spore Crawler  
  192  11:48  Spore Crawler  
  192  11:51  Spine Crawler  
  190  12:00  Pneumatized Carapace  
  190  12:03  Hatchery  
  190  12:06  Spire  
  190  12:07  Zerg Ground Armor Level 3, Zerg Melee Weapons Level 3  
  188  12:15  Extractor  
  174  12:25  Viper  
  174  12:26  Viper x2  
  183  12:35  Hatchery  
  181  12:37  Drone x2  
  181  12:38  Drone  
  181  12:44  Drone x13, Spire  
  195  12:49  Pathogen Glands  
  194  12:55  Lurker Den  
  193  13:13  Drone x3  
  193  13:14  Overlord x2  
  194  13:32  Spore Crawler  
  194  13:33  Spore Crawler, Extractor  
  180  13:35  Extractor  
  180  13:36  Greater Spire  
  180  13:38  Drone x4  
  180  13:39  Drone x3  
  180  13:40  Drone x6  
  192  13:46  Corruptor x4, Neural Parasite  
  197  13:50  Spore Crawler  
  197  13:51  Spore Crawler  
  197  13:53  Spore Crawler x2  
  197  13:54  Spore Crawler x2  
  197  13:55  Corruptor x3  
  189  13:57  Overlord x2  
  189  13:59  Zerg Flyer Weapons Level 1  
  189  14:02  Burrow  
  195  14:06  Spine Crawler  
  195  14:08  Spine Crawler x2  
  192  14:10  Spine Crawler  
  192  14:12  Spine Crawler  
  192  14:14  Spore Crawler x2, Spine Crawler  
  192  14:15  Spine Crawler x2  
  192  14:16  Spine Crawler  
  192  14:17  Spine Crawler  
  175  14:27  Hatchery  
  174  14:35  Hatchery  
  174  14:37  Corruptor x4  
  179  14:49  Infestor x2  
  179  14:51  Brood Lord x7, Overseer  
  179  14:52  Overseer  
  197  14:55  Spore Crawler  
  197  14:57  Seismic Spines, Zerg Flyer Armor Level 1  
  197  14:58  Spore Crawler x2  
  194  15:00  Spore Crawler  
  194  15:01  Spore Crawler  
  194  15:02  Drone x7  
  197  15:15  Spore Crawler  
  197  15:16  Spore Crawler x2, Brood Lord x2  
  197  15:17  Spore Crawler, Overseer  
  197  15:18  Overseer  
  197  15:19  Spore Crawler x3  
  197  15:20  Spore Crawler  
  193  15:22  Zerg Missile Weapons Level 1  
  193  15:24  Spore Crawler  
  189  15:31  Spore Crawler x2  
  189  15:35  Infestor x3  
  193  15:43  Brood Lord  
  193  15:44  Spore Crawler, Brood Lord  
  193  15:46  Spore Crawler  
  193  15:47  Spore Crawler x2  
  193  15:49  Spore Crawler  
  192  15:50  Spore Crawler  
  178  16:06  Zergling x30  
  178  16:08  Infestor x2  
  190  16:17  Spore Crawler  
  189  16:24  Zerg Flyer Weapons Level 2  
  189  16:27  Drone x2  
  189  16:28  Drone x4  
  195  16:36  Corruptor x2  
  195  16:38  Overseer  
  199  16:53  Baneling x23  
  194  17:05  Overseer x2  
  192  17:14  Zergling x26  
  190  17:27  Corruptor x5  
  188  17:33  Baneling x10  
  186  17:49  Zergling x28  
  200  18:07  Zerg Flyer Armor Level 2  
  190  18:14  Zergling x24  
  195  18:24  Brood Lord  
  195  18:25  Brood Lord  
  183  18:43  Brood Lord  
  183  18:44  Brood Lord x2  
  183  18:45  Overseer x4, Zerg Flyer Weapons Level 3  
  183  18:46  Zergling x22  
  183  18:47  Baneling x12  
  200  19:05  Overlord, Lurker Den  
  200  19:06  Hydralisk Den  
  197  19:11  Baneling x4  
  195  19:24  Overlord x2  
  195  19:25  Brood Lord x2  
  198  19:35  Spire  
  198  19:36  Infestation Pit  
  185  19:49  Corruptor x4  
  184  20:02  Overlord x4  
  184  20:03  Overlord  
  164  20:08  Overlord  
  164  20:12  Corruptor x4  
  172  20:21  Overseer x4  
  172  20:25  Infestor x5  
  172  20:26  Extractor x2  
  180  20:36  Brood Lord x4  
  180  20:38  Zerg Flyer Armor Level 3  
  188  20:43  Zergling x24  
  193  21:42  Corruptor x3  
  195  21:50  Baneling x24, Overseer  
  195  21:51  Greater Spire  
  182  22:11  Overseer  
  182  22:14  Zergling x30  
  197  22:35  Infestor  
  195  23:00  Overlord  
  195  23:03  Corruptor, Hatchery  
  194  23:14  Overlord x2  
  194  23:19  Spore Crawler x2  
  190  23:21  Brood Lord x2  
  190  23:26  Spore Crawler  
  195  23:29  Spore Crawler  
  195  23:32  Spore Crawler  
  195  23:34  Spore Crawler  
  190  23:36  Corruptor x5  
  199  23:43  Overseer  
  199  23:49  Overseer x5  
  199  24:03  Overseer  
  180  25:02  Corruptor x3, Overlord x2  
  180  25:04  Overlord  
  186  25:24  Overseer x3  
  186  25:27  Overseer  
  186  25:30  Brood Lord x6  
  198  25:43  Overseer  
  198  25:44  Overseer  
  196  26:13  Corruptor x2  
  192  26:31  Corruptor x8  
  199  26:41  Zergling x8  
  148  26:55  Zergling x16  
  148  27:05  Viper x2  
  148  27:07  Hatchery  
Show
View Real Time Build Order
Export as new Build Order

Ryung Terran 

Build Orders: Command Center First (CC), Hellion Banshee 

Get SALT Encoding   

  12  0:00  SCV  
  13  0:12  SCV  
  14  0:17  Supply Depot  
  14  0:24  SCV  
  15  0:39  SCV  
  16  0:51  SCV  
  17  0:59  Command Center  
  17  1:03  SCV  
  18  1:13  Barracks  
  18  1:15  SCV  
  19  1:21  Refinery  
  19  1:27  SCV  
  19  1:30  Refinery  
  21  1:40  SCV  
  21  1:52  SCV  
  22  2:00  Marine  
  23  2:04  Orbital Command  
  23  2:10  Orbital Command  
  23  2:14  Factory  
  23  2:23  Barracks Reactor  
  23  2:30  SCV  
  23  2:36  SCV  
  25  2:42  SCV  
  26  2:48  SCV  
  27  2:54  SCV  
  28  3:02  Starport  
  28  3:03  SCV  
  28  3:04  Supply Depot  
  29  3:07  SCV, Hellion x2  
  34  3:13  Barracks Tech Lab  
  34  3:15  SCV  
  34  3:16  Supply Depot  
  34  3:19  SCV  
  36  3:28  SCV, Hellion x2  
  36  3:31  SCV  
  42  3:36  Barracks Tech Lab  
  42  3:40  SCV  
  43  3:43  SCV  
  43  3:45  Banshee, Cloaking Field  
  47  3:50  Hellion x2  
  47  3:52  Supply Depot  
  47  3:53  SCV  
  47  3:55  SCV  
  53  3:56  Marine  
  53  3:58  Stimpack  
  54  4:13  SCV x2  
  56  4:17  Command Center  
  56  4:22  Supply Depot, Marine  
  57  4:25  SCV x2  
  57  4:28  Banshee  
  62  4:36  Factory Reactor  
  61  4:38  SCV x2  
  61  4:39  Barracks  
  61  4:41  Barracks  
  62  4:46  Engineering Bay  
  62  4:48  Engineering Bay, Marine  
  62  4:51  Supply Depot  
  63  4:53  SCV  
  63  4:54  SCV  
  63  4:57  Refinery  
  63  4:58  Refinery  
  65  5:03  Supply Depot  
  65  5:06  Marine  
  64  5:09  SCV x2  
  66  5:22  SCV x2  
  66  5:23  Terran Infantry Armor Level 1, Terran Infantry Weapons Level 1, Marine  
  66  5:25  Starport Reactor  
  66  5:27  Barracks x2  
  69  5:35  Siege Tank  
  72  5:36  Orbital Command  
  72  5:42  Marine x2  
  72  5:43  Marine x3  
  72  5:45  SCV x2  
  79  5:51  Combat Shield  
  79  5:52  Supply Depot  
  76  6:00  Marine  
  76  6:02  Marine x4  
  76  6:03  Orbital Command  
  81  6:04  Medivac x2  
  81  6:07  Armory  
  81  6:08  SCV  
  81  6:09  SCV  
  87  6:12  Siege Tank  
  87  6:18  Barracks Reactor, Supply Depot, Marine  
  90  6:19  Barracks Reactor, Marine  
  90  6:21  SCV x2  
  94  6:25  Marine  
  94  6:26  Marine x2  
  94  6:30  Supply Depot  
  94  6:32  SCV  
  98  6:33  SCV x2  
  98  6:36  Marine  
  98  6:39  Medivac  
  103  6:40  Medivac  
  103  6:44  Supply Depot x2  
  103  6:45  Supply Depot  
  105  6:52  Marine x2  
  105  6:53  Marine x2  
  105  6:54  Marine  
  109  6:55  SCV x3  
  109  6:56  Siege Tank  
  109  7:00  Refinery  
  116  7:02  Hellion x4  
  116  7:07  Supply Depot, Marine x2  
  116  7:08  Marine x2  
  120  7:10  SCV x2, Marine x3  
  120  7:11  SCV  
  126  7:22  Terran Infantry Armor Level 2, Terran Infantry Weapons Level 2  
  126  7:27  Supply Depot  
  126  7:28  SCV x3  
  129  7:37  Command Center  
  129  7:46  Marine x2  
  129  7:48  Siege Tank  
  129  7:49  Terran Vehicle Weapons Level 1  
  129  7:50  Medivac  
  136  7:52  Marine  
  136  7:54  Marine x2  
  136  7:57  SCV x2  
  136  7:58  SCV  
  142  8:01  Factory  
  142  8:07  Marine x4  
  142  8:08  Marine x2  
  142  8:10  Refinery, Marine  
  142  8:11  Medivac  
  142  8:12  Sensor Tower, Marine  
  152  8:21  Medivac  
  152  8:25  Marine x4  
  158  8:27  Supply Depot  
  158  8:33  Marine x2  
  160  8:35  Marine x2  
  160  8:36  Marine  
  160  8:40  Supply Depot  
  162  8:41  Supply Depot  
  162  8:42  Marine  
  162  8:43  Marine x2  
  162  8:44  Marine  
  164  8:51  Marine x2  
  164  8:53  Factory Tech Lab, Marine x2  
  164  8:54  Siege Tank, Marine  
  172  9:00  Marine  
  172  9:01  Marine x2  
  172  9:02  Marine  
  176  9:04  SCV x2  
  176  9:09  Marine x2  
  174  9:10  Marine  
  174  9:11  Marine  
  174  9:12  Marine  
  175  9:18  Marine  
  175  9:19  Marine x3  
  175  9:20  Planetary Fortress  
  179  9:25  Barracks  
  179  9:27  Ghost Academy, Barracks, Marine x2  
  179  9:28  Barracks  
  179  9:29  SCV  
  179  9:30  SCV x2  
  184  9:32  Siege Tank  
  187  9:40  Terran Infantry Weapons Level 3  
  187  9:43  Marine x4  
  180  9:48  SCV x3  
  180  9:50  Refinery x2  
  180  9:58  Marine x2  
  182  10:02  Liberator x2  
  188  10:07  Marine x4  
  188  10:16  Barracks Tech Lab x3  
  186  10:22  Factory  
  186  10:23  Siege Tank  
  186  10:24  Siege Tank  
  186  10:26  Ghost  
  186  10:27  SCV  
  186  10:28  SCV x2, Barracks Tech Lab  
  197  10:30  Terran Infantry Armor Level 3  
  197  10:34  Terran Vehicle Weapons Level 2  
  191  10:42  Sensor Tower  
  191  10:43  Barracks Tech Lab  
  191  10:53  Liberator x2  
  195  11:03  Command Center  
  195  11:05  Command Center  
  192  11:12  Ghost x3  
  192  11:14  Marine x2  
  200  11:32  Missile Turret  
  198  11:33  Missile Turret  
  198  11:37  Ghost  
  198  11:39  Personal Cloaking, Command Center  
  199  11:41  Missile Turret  
  199  11:42  Command Center  
  199  11:46  Missile Turret  
  182  11:48  Ghost x2  
  182  11:49  Siege Tank  
  182  11:52  Siege Tank  
  191  12:02  Infernal Pre-Igniter  
  191  12:03  Hellion x2  
  195  12:15  Ghost x2  
  195  12:21  Siege Tank  
  187  12:29  Medivac x2  
  191  12:33  Smart Servos  
  191  12:37  Orbital Command  
  191  12:43  Ghost  
  191  12:44  Ghost x2  
  188  12:47  Ghost  
  188  12:48  Orbital Command  
  196  12:53  Command Center  
  196  12:56  Orbital Command  
  196  12:58  Missile Turret  
  196  13:02  Medivac  
  198  13:09  Missile Turret  
  198  13:17  Siege Tank x2  
  198  13:18  Hellion  
  200  13:21  Terran Vehicle Weapons Level 3  
  199  13:34  Hellion  
  197  13:39  Planetary Fortress  
  192  13:48  Missile Turret  
  192  13:49  Siege Tank  
  192  13:54  Missile Turret  
  192  13:55  Refinery x2, Missile Turret, Sensor Tower  
  191  14:09  Factory  
  191  14:10  Fusion Core, Armory, Factory  
  191  14:27  Enhanced Shockwaves  
  181  14:35  Thor x2  
  185  14:49  Hellion x2  
  189  14:59  Orbital Command  
  189  15:03  Factory Tech Lab, Factory Reactor  
  189  15:05  Terran Vehicle And Ship Armor Level 1, Advanced Ballistics  
  189  15:20  Thor  
  195  15:34  Thor  
  199  15:53  Orbital Command  
  199  15:56  Command Center  
  197  15:57  Command Center  
  197  15:58  Command Center  
  197  16:02  Thor  
  197  16:03  Thor  
  194  16:07  Hellion x3  
  194  16:08  Terran Ship Weapons Level 1  
  190  16:17  Thor  
  196  16:22  Command Center  
  196  16:25  Orbital Command  
  196  16:53  Nuke  
  196  16:55  Ghost Academy  
  196  16:56  Ghost Academy  
  189  17:10  Orbital Command  
  183  17:23  Thor  
  183  17:24  Thor x2  
  186  17:44  Hellion  
  186  17:45  Hellion x3  
  186  17:48  Orbital Command  
  186  17:49  Nuke x2  
  186  17:50  Terran Vehicle And Ship Armor Level 2  
  194  18:08  Thor  
  194  18:10  Hellion  
  194  18:11  Hellion x7  
  188  18:20  Siege Tank x2  
  188  18:23  Planetary Fortress  
  182  18:47  Hellion x4, Ghost x2  
  182  18:48  Ghost x2  
  196  18:52  Nuke x2  
  193  19:03  Refinery x2  
  175  19:25  Orbital Command  
  175  19:35  Thor x3  
  193  19:39  Nuke  
  193  19:56  Medivac x2  
  191  20:03  Nuke  
  191  20:05  Planetary Fortress  
  189  20:17  Nuke  
  189  20:23  SCV  
  189  20:24  SCV x3  
  189  20:26  Refinery  
  186  20:35  Terran Vehicle And Ship Armor Level 3  
  186  20:36  Thor  
  188  21:38  Thor x2  
  195  22:13  Liberator x2  
  188  22:30  Thor  
  188  22:36  Thor  
  198  22:38  Hellion x2  
  198  22:41  Hellion  
  193  23:21  Orbital Command  
  193  23:30  Nuke x3  
  191  23:35  Liberator x2  
  197  23:45  SCV x3  
  200  23:49  Orbital Command  
  198  24:24  Hellion x4  
  200  24:38  Nuke  
  200  24:39  Nuke  
  200  24:41  Refinery  
  200  24:42  Refinery, SCV x2  
  200  24:44  SCV  
  175  25:02  Hellion x3  
  170  25:15  Ghost  
  170  25:16  Ghost x4  
  170  25:18  Liberator  
  170  25:19  Liberator  
  186  25:37  Thor  
  192  26:01  Liberator x2  
  179  26:20  Ghost x4  
  177  26:37  Hellion  
  177  26:38  Hellion x2  
  169  26:40  Hellion x3  
  169  26:42  Hellion  
  105  26:59  Hellion x3  
  74  27:07  Ghost x2  
  70  27:11  Hellion  
Tags
 
Add a new tag
Caveats
  • Supply blocks, unpowered buildings, or Contaminate may cause inaccurate times.
  • Supply counts are checked every 10 seconds.